 Dungeon Crawl Stone Soup version 0.30-a0-586-g23e55c9e0a (webtiles) character file.

Game seed: 5020844731277955011

237405 brightshaft the Warrior (level 18, -11/259 HPs)
             Began as a Minotaur Berserker on Jan 4, 2023.
             Was a High Priest of Trog.
             Mangled by Mennas
             ... wielding a +3 eudemon blade of holy wrath
              (21 damage)
             ... on level 2 of the Vaults.
             The game lasted 01:02:32 (27734 turns).

brightshaft the Warrior (Minotaur Berserker)       Turns: 27734, Time: 01:02:33

Health: -11/259    AC: 35    Str: 28    XL:     18   Next: 53%
Magic:  15/15      EV: 13    Int:  4    God:    Trog [*****.]
Gold:   1986       SH: 20    Dex: 12    Spells: 17/17 levels left

rFire   . . .      SeeInvis .    a - +9 broad axe (flame)
rCold   . . .      Faith    .    P - +1 tower shield
rNeg    . . .      Spirit   .    d - +0 plate armour
rPois   .          Reflect  .    q - +0 hat
rElec   .          Harm     .    u - +2 cloak
rCorr   .          Rampage  .    r - +2 pair of gloves
Will    +....                    K - +2 pair of boots Stlth
                                 D - amulet of regeneration
HPRegen 1.43/turn                l - +4 ring of protection
MPRegen 0.14/turn                p - +4 ring of slaying

@: berserking, marked, glowing, very quick
A: horns 2, retaliatory headbutt, iridescent scales 1, low MP 1, subdued magic 1
}: 2/15 runes: serpentine, barnacled
a: Renounce Religion, Berserk, Trog's Hand, Brothers in Arms


You were on level 2 of the Vaults.
You worshipped Trog.
Trog was extremely pleased with you.
You visited 6 branches of the dungeon, and saw 32 of its levels.
You visited the Abyss 1 time.
You also visited: Sewer.

You collected 4551 gold pieces.
You spent 2565 gold pieces at shops.

Inventory:

Hand Weapons
 a - a +9 broad axe of flaming (weapon)
 b - a +5 broad axe of protection
 A - a +5 broad axe of draining
Missiles
 f - 6 throwing nets
Armour
 d - a +0 plate armour (worn)
 q - a +0 hat (worn)
 r - a +2 pair of gloves (worn)
 u - a +2 cloak (worn)
 K - a +2 pair of boots (worn)
 P - a +1 tower shield (worn)
Jewellery
 l - a +4 ring of protection (left hand)
 o - a ring of protection from cold
 p - a +4 ring of slaying (right hand)
 y - a ring of positive energy
 C - a ring of protection from cold
 D - an amulet of regeneration (around neck)
 I - an amulet of magic regeneration
 J - a ring of poison resistance
 Y - a ring of see invisible
Wands
 g - a wand of mindburst (9) {@v3}
 t - a wand of light (13)
 F - a wand of flame (17) {@v2}
 L - a wand of roots (31)
 R - a wand of polymorph (8)
 S - a wand of paralysis (18)
Scrolls
 h - 13 scrolls of identify {@r1}
 m - 2 scrolls of magic mapping
 s - 2 scrolls of fear
 z - a scroll of blinking
 E - 2 scrolls of summoning
 G - 8 scrolls of teleportation {@r4}
 M - 2 scrolls of poison
 N - 2 scrolls of fog
 W - 2 scrolls of silence
Potions
 e - 8 potions of lignification
 i - 18 potions of curing {@q1}
 j - 7 potions of invisibility
 k - 7 potions of heal wounds {@q2}
 n - 3 potions of cancellation
 v - 6 potions of haste {@q3}
 w - 2 potions of resistance
 x - a potion of magic
 B - 3 potions of might
 H - a potion of mutation
 O - 3 potions of flight
 U - 3 potions of ambrosia
Miscellaneous
 c - a condenser vane
 V - a lightning rod (4/4) (quivered)


   Skills:
 + Level 18.4 Fighting
 - Level 18.0 Axes
 + Level 18.3 Armour
 + Level 16.9 Dodging
 + Level 16.9 Shields
 + Level 8.5 Evocations


You had 17 spell levels left.
You didn't know any spells.
Your spell library was empty.

Dungeon Overview and Level Annotations

Branches:
Dungeon (15/15)            Temple (0/1) D:4            Lair (5/5) D:8
 Shoals (4/4) Lair:2        Snake (4/4) Lair:2        Slime (0/5) Lair:4
    Orc (2/2) D:10            Elf (0/3) Orc:2        Vaults (2/5) D:13
 Depths (0/4) D:15          Sewer (visited)
  Crypt: Vaults:2-3

Altars:
Cheibriados
Dithmenos
Fedhas
Gozag
Hepliaklqana
Kikubaaqudgha
Makhleb
Nemelex Xobeh
Okawaru
Qazlal
Ru
Sif Muna
Trog
Uskayaw
Vehumet
Xom
Zin
Jiyva

Shops:
D:7 [   D:15 [   Orc:1 !:**   Orc:2 *(([   Shoals:1 ?   Shoals:4 (!   Snake:1 (
Snake:2 :**(   Vaults:1 *

Portals:
Trove: D:13 (give +4 ice dragon scales)

Annotations:
Shoals:3 3 runed translucent doors
Snake:4 3 runed translucent doors, pigah's ghost, adept OpWn
Vaults:2 Mennas


Innate Abilities, Weirdness & Mutations

You have a pair of horns on your head.
You reflexively headbutt those who attack you in melee.
You are partially covered in iridescent scales. (AC +2)
Your magical capacity is low. (-10% MP)
Your spells are a little easier to cast, but a little less powerful.


Message History

Mennas is moderately wounded.
You slash the orc knight! You burn the orc knight. You block Mennas's attack.
Mennas barely misses you.
The vault sentinel shoots a bolt.
You block the bolt. Mennas blocks your attack.
You headbutt Mennas.
Mennas is moderately wounded.
You hit the orc knight. You burn the orc knight.
You feel sick.
You are no longer poisoned.
Mennas hits you with a +3 eudemon blade of holy wrath.
* * * LOW HITPOINT WARNING * * *
Mennas hits you with a +3 eudemon blade of holy wrath!
* * * LOW HITPOINT WARNING * * *
The orc knight hits you with a +0 great sword!!
* * * LOW HITPOINT WARNING * * *
The vault sentinel casts a spell at you.
A sentinel's mark forms upon you.
You miss Mennas.
Mennas is moderately wounded.
You slash the orc knight! You burn the orc knight.
You kill the orc knight!
Trog accepts your kill. You block Mennas's attack.
Mennas hits you but does no damage.
You are too berserk!
Okay, then.
Mennas blocks your attack.
Your headbutt misses Mennas.
Mennas is moderately wounded.
The vault sentinel casts a spell at you.
The mark upon you grows brighter.
Mennas hits you with a +3 eudemon blade of holy wrath!!
* * * LOW HITPOINT WARNING * * *
Mennas barely misses you. Mennas blocks your attack.
Your headbutt misses Mennas.
Mennas is moderately wounded.
Mennas hits you but does no damage.
Mennas hits you with a +3 eudemon blade of holy wrath.
* * * LOW HITPOINT WARNING * * *
Press: ? - help, v - describe, . - travel A stone staircase leading up, spattered with blood.
This square is lit by a halo.
Mennas hits you with a +3 eudemon blade of holy wrath!!
You die...

##+####
.....!
.....
#...#
#...#
#..p+
#.A@#
+.))#
#...#
#...#
.....
......
#######


You could see Mennas and a vault sentinel.

Vanquished Creatures
  A bone dragon (Abyss:2)
  2 quicksilver dragons (Snake:4)
  2 tentacled starspawn
  2 nagarajas (Snake:4)
  A vault warden (Vaults:1)
  2 orc warlords
  A war gargoyle (Vaults:1)
  An ironbound preserver (Vaults:1)
  Azrael (Orc:2)
  A crystal guardian (Vaults:1)
  10 merfolk impalers
  Snorg (D:13)
  4 merfolk javelineers (Shoals:4)
  2 great orbs of eyes (Vaults:1)
  3 entropy weavers (Vaults:1)
  An ice dragon (D:13)
  8 hydras
  A yaktaur captain (Vaults:1)
  A peacekeeper (Vaults:1)
  A salamander tyrant (Snake:3)
  2 catoblepae (Lair:5)
  2 merfolk avatars (Shoals:1)
  Erolcha (D:13)
  3 anacondas
  2 merfolk aquamancers
  2 alligator snapping turtles
  5 centaur warriors
  2 dancing weapons (D:13)
  4 boulder beetles
  3 two-headed ogres
  5 death yaks
  5 ironbound frosthearts (Vaults:1)
  Urug (Lair:5)
  A satyr (Shoals:2)
  8 naga warriors
  5 tengu warriors
  10 naga sharpshooters
  8 shock serpents
  2 salamander mystics
  12 sea snakes
  12 skeletal warriors
  5 naga ritualists
  Pikel (D:5)
  2 tengu zombies (Vaults:1)
  12 harpies
  4 ironbound convokers (Vaults:1)
  5 large abominations (Abyss:2)
  6 mana vipers
  A wizard (Vaults:1)
  4 deep trolls (Vaults:1)
  2 necromancers
  2 deep elf pyromancers
  2 orc sorcerers (D:15)
  5 orc knights
  9 salamanders
  A wolf spider (Lair:5)
  10 cyclopes
  A worldbinder (Abyss:2)
  5 ugly things
  2 fauns
  19 manticores
  29 elephants
  30 black mambas
  5 merfolk sirens
  2 centaur zombies (D:15)
  13 naga magi
  4 guardian serpents
  4 vault sentinels (Vaults:1)
  8 water nymphs
  3 gargoyles
  An unseen horror (D:11)
  An orange demon (Abyss:2)
  Maggie (D:6)
  13 cane toads
  A torpor snail (Lair:5)
  2 rime drakes
  5 yaktaurs
  A kobold demonologist (D:9)
  2 ice devils (D:13)
  An ancient zyme (Abyss:3)
  4 komodo dragons
  2 tengu conjurers
  27 merfolk
  2 polar bears
  A harpy zombie (Abyss:2)
  A wolf spider simulacrum (D:15)
  A meliai (D:11)
  2 hornets (Lair:5)
  3 trolls
  A raiju (Abyss:2)
  A wind drake (Shoals:3)
  8 blink frogs
  9 snapping turtles
  9 dream sheep
  A jumping spider (shapeshifter) (D:15)
  2 shadows
  11 slime creatures
  A culicivora (Vaults:1)
  Sigmund (D:4)
  An ettin skeleton (Vaults:1)
  2 wraiths (D:11)
  22 yaks
  5 basilisks
  18 wyverns
  8 water elementals
  A fire elemental (Orc:2)
  A neqoxec (Abyss:2)
  2 steam dragons
  9 redbacks
  20 vampire mosquitoes
  2 human simulacra (Vaults:1)
  A warg (Orc:1)
  39 nagas
  22 water moccasins
  3 acid dragons
  6 hell hounds (Orc:2)
  Duvessa (D:7)
  27 orc warriors
  7 black bears
  An ice beast (D:7)
  4 sky beasts
  7 ogres
  4 boggarts (D:14)
  16 wolves
  17 centaurs
  2 phantoms (D:5)
  2 lemures (D:5)
  2 necrophages
  11 bullfrogs
  2 gnoll sergeants
  2 scorpions
  A cane toad simulacrum (D:13)
  An entropy weaver simulacrum (D:13)
  4 wights
  Dowan (D:7)
  An elephant simulacrum (D:13)
  3 electric eels
  A vampire bat (D:6)
  2 howler monkeys
  5 jellies
  4 lava snakes
  32 orc priests
  2 small abominations (Abyss:2)
  Crazy Yiuf (D:2)
  11 hounds
  2 iguanas (D:7)
  An iron imp (Abyss:2)
  4 starcursed masses (Abyss:2)
  Terence (D:3)
  A boggart zombie (D:15)
  37 orc wizards
  A troll simulacrum (D:13)
  A spriggan simulacrum (D:13)
  A polar bear simulacrum (D:13)
  A wolf simulacrum (D:13)
  11 gnolls
  A naga simulacrum (D:13)
  10 adders
  2 river rats (Sewer)
  13 white imps
  4 ufetubi
  2 worms (D:2)
  A dart slug (D:5)
  111 orcs
  11 ball pythons
  12 bats
  11 endoplasms
  9 giant cockroaches
  9 goblins
  5 hobgoblins
  8 jackals
  10 kobolds
  8 quokkas
  6 frilled lizards
  10 rats
  A fire vortex (D:15)
  2 starspawn tentacles (Shoals:1)
1095 creatures vanquished.

Vanquished Creatures (collateral kills)
  Mlioglotl (Shoals:1)
  A nagaraja (Snake:4)
  A frost giant (Shoals:4)
  A merfolk impaler (Shoals:4)
  A salamander tyrant (Snake:4)
  A hydra (Lair:5)
  An anaconda (Snake:4)
  A naga warrior (Snake:4)
  A tengu warrior (D:11)
  A satyr (Shoals:4)
  7 naga sharpshooters (Snake:4)
  Sonja (D:13)
  A wretched star (Abyss:2)
  A naga ritualist (Snake:4)
  4 harpies (Shoals:4)
  2 fauns (Shoals:4)
  A cyclops (D:11)
  A salamander (Snake:4)
  3 manticores
  2 guardian serpents (Snake:4)
  A water nymph (Shoals:4)
  3 merfolk sirens
  3 merfolk (Shoals:4)
  A wind drake (Shoals:4)
  A raiju (Abyss:2)
  A water elemental (Shoals:4)
  A fire bat (Abyss:2)
  3 nagas (Snake:4)
  2 starcursed masses (Abyss:2)
49 creatures vanquished.

Vanquished Creatures (others)
  A naga (Snake:4)
  A boggart (D:14)
  13 fungi
  81 plants
  5 starspawn tentacles
101 creatures vanquished.

Grand Total: 1245 creatures vanquished

Notes
Turn   | Place    | Note
-------+----------+-------------------------------------------
     0 | D:1      | brightshaft the Minotaur Berserker began the quest for the
                  | Orb.
     0 | D:1      | Reached XP level 1. HP: 19/19 MP: 0/0
    10 | D:1      | Reached XP level 2. HP: 26/27 MP: 1/1
   398 | D:1      | Reached ** piety under Trog
   399 | D:1      | Reached XP level 3. HP: 32/33 MP: 2/2
  1105 | D:2      | Reached XP level 4. HP: 37/40 MP: 3/3
  1375 | D:2      | Found a runed translucent door.
  1376 | D:2      | Noticed Crazy Yiuf
  1384 | D:2      | Killed Crazy Yiuf
  1385 | D:2      | Reached skill level 5 in Axes
  1537 | D:3      | Reached XP level 5. HP: 37/47 MP: 4/4
  1554 | D:3      | Reached *** piety under Trog
  1607 | D:3      | Found a snail-covered altar of Cheibriados.
  1869 | D:3      | Noticed Terence
  1876 | D:3      | Killed Terence
  2166 | D:3      | Found a hazy altar of Hepliaklqana.
  2398 | D:4      | Found a staircase to the Ecumenical Temple.
  2436 | D:4      | Reached XP level 6. HP: 55/55 MP: 5/5
  2446 | D:4      | Noticed Sigmund
  2453 | D:4      | Reached skill level 5 in Fighting
  2456 | D:4      | Killed Sigmund
  2457 | D:4      | Reached XP level 7. HP: 61/61 MP: 6/6
  2486 | D:4      | Found a glowing silver altar of Zin.
  2816 | D:4      | Found a hide-covered altar of Uskayaw.
  2888 | D:4      | Found a blossoming altar of Fedhas.
  2889 | D:4      | Found a shadowy altar of Dithmenos.
  2956 | D:4      | Identified a scroll of acquirement
  2956 | D:4      | Acquired a +4 ring of protection
  3091 | D:5      | Entered Level 5 of the Dungeon
  3109 | D:5      | Reached skill level 5 in Armour
  3123 | D:5      | Reached **** piety under Trog
  3219 | D:5      | Reached skill level 5 in Dodging
  3219 | D:5      | Reached XP level 8. HP: 70/70 MP: 7/7
  3460 | D:5      | Found a sparkling altar of Nemelex Xobeh.
  3592 | D:5      | Noticed Pikel
  3602 | D:5      | Killed Pikel
  3888 | D:6      | Found a stormy altar of Qazlal.
  4008 | D:6      | Reached XP level 9. HP: 79/79 MP: 8/8
  4066 | D:6      | Found a glowing drain.
  4081 | Sewer    | Entered a sewer
  4172 | Sewer    | Reached ***** piety under Trog
  4182 | Sewer    | Found a viscous altar of Jiyva.
  4460 | D:6      | Noticed Maggie
  4466 | D:6      | Killed Maggie
  4467 | D:6      | Reached skill level 10 in Axes
  4610 | D:6      | Identified the +8 dagger "Xugip" {freeze, Str-2 Int+5
                  | Dex+2}
  4959 | D:7      | Noticed Duvessa
  4962 | D:7      | Noticed Dowan
  4966 | D:7      | Killed Duvessa
  4967 | D:7      | Reached skill level 1 in Shields
  4973 | D:7      | Killed Dowan
  5150 | D:7      | Found Nuferieh's Antique Armour Boutique.
  5157 | D:7      | Reached XP level 10. HP: 86/90 MP: 9/9
  5328 | D:8      | Found a staircase to the Lair.
  5469 | D:8      | Found a shimmering altar of Xom.
  5470 | D:8      | Found a shimmering altar of Xom.
  5473 | D:8      | Found a shimmering altar of Xom.
  5475 | D:8      | Found a shimmering altar of Xom.
  5475 | D:8      | Found a shimmering altar of Xom.
  5475 | D:8      | Found a shimmering altar of Xom.
  5700 | D:8      | Found a radiant altar of Vehumet.
  5787 | D:8      | Found a burning altar of Makhleb.
  5898 | D:8      | Received a gift from Trog
  6261 | Lair:1   | Entered Level 1 of the Lair of Beasts
  6366 | Lair:1   | Noticed a cane toad
  6366 | Lair:1   | Noticed a black mamba
  6374 | Lair:1   | Killed a cane toad
  6374 | Lair:1   | Noticed a boulder beetle
  6378 | Lair:1   | Killed a black mamba
  6379 | Lair:1   | Reached skill level 5 in Shields
  6379 | Lair:1   | Reached XP level 11. HP: 97/97 MP: 10/10
  6393 | Lair:1   | Killed a boulder beetle
  6400 | Lair:1   | Noticed a boulder beetle
  6422 | Lair:1   | Killed a boulder beetle
  7123 | Lair:2   | Found a staircase to the Snake Pit.
  7128 | Lair:2   | Reached skill level 10 in Fighting
  7343 | Lair:2   | Noticed a boulder beetle
  7373 | Lair:2   | Killed a boulder beetle
  7374 | Lair:2   | Reached skill level 10 in Armour
  7822 | Lair:2   | Found a staircase to the Shoals.
  7958 | Lair:2   | Reached XP level 12. HP: 108/108 MP: 11/11
  8374 | Lair:3   | Noticed a six-headed hydra
  8384 | Lair:3   | Killed a two-headed hydra
  8938 | Lair:4   | Found a viscous altar of Jiyva.
  8939 | Lair:4   | Found a staircase to the Slime Pits.
  8946 | Lair:4   | Noticed a death yak
  8947 | Lair:4   | Noticed a death yak
  8947 | Lair:4   | Noticed a death yak
  8948 | Lair:4   | Noticed a death yak
  8954 | Lair:4   | Killed a death yak
  8957 | Lair:4   | Killed a death yak
  8958 | Lair:4   | Killed a death yak
  8959 | Lair:4   | Reached skill level 15 in Axes
  8959 | Lair:4   | Reached skill level 10 in Dodging
  8960 | Lair:4   | Killed a death yak
  9058 | Lair:4   | Identified the +9 falchion of Ojuigier {venom, Dex+4}
  9084 | Lair:4   | Noticed an eight-headed hydra
  9091 | Lair:4   | Killed a five-headed hydra
  9194 | Lair:4   | Noticed a five-headed hydra
  9201 | Lair:4   | Killed a one-headed hydra
  9255 | Lair:4   | Noticed a seven-headed hydra
  9264 | Lair:4   | Killed a two-headed hydra
  9597 | Lair:5   | Entered Level 5 of the Lair of Beasts
  9766 | Lair:5   | Reached XP level 13. HP: 117/117 MP: 12/12
  9849 | Lair:5   | Noticed Urug
  9861 | Lair:5   | Killed Urug
 10091 | Lair:5   | Identified the +7 rapier of Ichyepin {flame, Str+4}
 10106 | Lair:5   | Reached ****** piety under Trog
 10156 | Lair:5   | Reached skill level 10 in Shields
 10502 | Lair:5   | Received a gift from Trog
 11389 | D:9      | Reached XP level 14. HP: 106/129 MP: 13/13
 11588 | D:10     | Entered Level 10 of the Dungeon
 11604 | D:10     | Identified the +5 trident of Buze {spect, rCorr MP+9}
 11614 | D:10     | Found an opulent altar of Gozag.
 11725 | D:10     | Found a staircase to the Orcish Mines.
 11937 | D:10     | Found a bloodstained altar of Trog.
 12027 | D:10     | Found an ancient bone altar of Kikubaaqudgha.
 12375 | D:10     | Found a sacrificial altar of Ru.
 12521 | D:11     | HP: 5/130 [manticore (6)]
 12680 | D:11     | Received a gift from Trog
 14503 | D:13     | Found a gate to the Vaults.
 14626 | D:13     | Noticed Snorg
 14636 | D:13     | Killed Snorg
 14755 | D:13     | Noticed Erolcha
 14765 | Abyss:2  | Cast into level 2 of the Abyss (Erolcha)
 14779 | Abyss:2  | Found a corrupted altar of Lugonu.
 14843 | Abyss:2  | Noticed a white very ugly thing
 14843 | Abyss:2  | Noticed a red very ugly thing
 14844 | Abyss:2  | Noticed a purple very ugly thing
 14844 | Abyss:2  | Noticed a green very ugly thing
 14849 | Abyss:2  | Noticed a cyan very ugly thing
 14849 | Abyss:2  | Noticed a purple very ugly thing
 14849 | Abyss:2  | Received a gift from Trog
 14860 | Abyss:2  | Noticed a tentacled starspawn
 14866 | Abyss:2  | Killed a tentacled starspawn
 14889 | Abyss:2  | Noticed a bone dragon
 14899 | Abyss:2  | Gained mutation: Your mind is acute. (Int +4, Str/Dex -1)
                  | [a neqoxec]
 14911 | Abyss:2  | Killed a bone dragon
 14967 | Abyss:2  | Found a corrupted altar of Lugonu.
 15013 | Abyss:2  | Reached XP level 15. HP: 110/125 MP: 11/11
 15015 | Abyss:2  | Found a corrupted altar of Lugonu.
 15082 | Abyss:3  | Noticed a tentacled starspawn
 15086 | Abyss:3  | Killed a tentacled starspawn
 15114 | D:13     | Escaped the Abyss
 15137 | D:13     | Killed Erolcha
 15418 | D:13     | Found a portal to a secret trove of treasure.
 15539 | D:13     | Noticed Sonja
 15549 | D:13     | Killed Sonja
 15597 | D:13     | Found a shimmering blue altar of Sif Muna.
 16017 | D:14     | Found a bloodstained altar of Trog.
 16833 | D:15     | Entered Level 15 of the Dungeon
 16836 | D:15     | Found an iron altar of Okawaru.
 16951 | D:15     | Found Hiqipnuw's Antique Armour Shoppe.
 16961 | D:15     | Reached skill level 15 in Fighting
 17058 | D:15     | Found a staircase to the Depths.
 17231 | D:15     | Reached skill level 15 in Armour
 17498 | D:15     | Acquired 1018 gold pieces
 17697 | Orc:1    | Entered Level 1 of the Orcish Mines
 17697 | Orc:1    | Found Kairy's Assorted Antiques.
 17706 | Orc:1    | Received a gift from Trog
 17858 | Orc:2    | Entered Level 2 of the Orcish Mines
 17998 | Orc:2    | Found a staircase to the Elven Halls.
 18081 | Orc:2    | Noticed Azrael
 18093 | Orc:2    | Killed Azrael
 18097 | Orc:2    | Reached skill level 1 in Evocations
 18381 | Orc:2    | Found Eppoyfuc's Weapon Boutique.
 18496 | Orc:2    | Found Ittup's Antique Weapon Boutique.
 18528 | Orc:2    | Found Irat's Antique Armour Shop.
 18640 | Orc:2    | Found Toahamyu's General Store.
 18759 | Orc:1    | Found Poukicvo's Book Shop.
 18759 | Orc:1    | Found Byj Lono's Distillery.
 18760 | Orc:1    | Found Ijisuom's Assorted Antiques.
 18781 | Orc:1    | Received a gift from Trog
 18807 | Orc:1    | Bought a potion of curing for 45 gold pieces
 18807 | Orc:1    | Bought a potion of curing for 45 gold pieces
 18807 | Orc:1    | Bought a potion of curing for 45 gold pieces
 18892 | Orc:1    | Bought a condenser vane for 920 gold pieces
 19387 | Snake:1  | Entered Level 1 of the Snake Pit
 19578 | Snake:1  | Found Xubiydi's Weapon Shoppe.
 20120 | Snake:2  | Reached XP level 16. HP: 85/150 MP: 15/15
 20391 | Snake:2  | Found Woshrual's Assorted Antiques.
 20398 | Snake:2  | Found Fonkun's Weapon Shop.
 20398 | Snake:2  | Found Lilu's Book Boutique.
 20401 | Snake:2  | Found Jaesh's Assorted Antiques.
 20416 | Snake:2  | Bought a potion of curing for 111 gold pieces
 20416 | Snake:2  | Bought a lightning rod (4/4) for 1110 gold pieces
 20988 | Snake:3  | Found a sacrificial altar of Ru.
 21504 | Snake:4  | Entered Level 4 of the Snake Pit
 21653 | Snake:4  | Found a runed translucent gate.
 21654 | Snake:4  | Found a runed translucent gate.
 21654 | Snake:4  | Found a runed translucent gate.
 21657 | Snake:4  | Noticed pigah's ghost (adept OpWn)
 21685 | Snake:4  | Received a gift from Trog
 21886 | Snake:4  | Reached skill level 15 in Dodging
 21921 | Snake:4  | Reached skill level 5 in Evocations
 22051 | Snake:4  | Reached skill level 15 in Shields
 22198 | Snake:4  | Noticed a quicksilver dragon
 22198 | Snake:4  | Noticed a quicksilver dragon
 22206 | Snake:4  | Identified the +5 war axe of the Tired Scars {heavy, Fly}
                  | (Trog gifted it to you on level 4 of the Snake Pit)
 22206 | Snake:4  | Received a gift from Trog
 22208 | Snake:4  | Killed a quicksilver dragon
 22209 | Snake:4  | Killed a quicksilver dragon
 22210 | Snake:4  | Reached XP level 17. HP: 77/160 MP: 16/16
 22383 | Snake:4  | Got a serpentine rune of Zot
 22761 | Shoals:1 | Entered Level 1 of the Shoals
 22789 | Shoals:1 | Noticed Mlioglotl
 22806 | Shoals:1 | Noticed a profane servitor
 22808 | Shoals:1 | Killed Mlioglotl
 23039 | Shoals:1 | Found Retife's Magic Scroll Boutique.
 23061 | Shoals:1 | Bought a scroll of teleportation for 48 gold pieces
 23572 | Shoals:2 | Identified the +1 falchion of the Sun {freeze, rCorr Dex+4}
 24097 | Shoals:2 | Received a gift from Trog
 24493 | Shoals:3 | Found a runed translucent gate.
 24493 | Shoals:3 | Found a runed translucent gate.
 24494 | Shoals:3 | Found a runed translucent gate.
 24510 | Shoals:3 | Found the +8 Vampire's Tooth {vamp}
 24930 | Shoals:4 | Entered Level 4 of the Shoals
 25052 | Shoals:4 | Found Mimon's Distillery.
 25281 | Shoals:4 | Received a gift from Trog
 25360 | Shoals:4 | Bought a potion of heal wounds for 85 gold pieces
 25360 | Shoals:4 | Bought a potion of curing for 51 gold pieces
 25687 | Shoals:4 | Found Faxain's Antique Weapon Boutique.
 25817 | Shoals:4 | Reached XP level 18. HP: 60/171 MP: 17/17
 25961 | Shoals:4 | Got a barnacled rune of Zot
 26212 | Shoals:2 | Lost mutation: Your mind is acute. (Int +4, Str/Dex -1)
                  | [potion of mutation]
 26212 | Shoals:2 | Gained mutation: You possess an exceptional clarity of
                  | mind. [potion of mutation]
 26212 | Shoals:2 | Gained mutation: You are occasionally teleported next to
                  | monsters. [potion of mutation]
 26213 | Shoals:2 | Lost mutation: You possess an exceptional clarity of mind.
                  | [potion of mutation]
 26213 | Shoals:2 | Lost mutation: You are occasionally teleported next to
                  | monsters. [potion of mutation]
 26213 | Shoals:2 | Gained mutation: Your spells are a little easier to cast,
                  | but a little less powerful. [potion of mutation]
 26213 | Shoals:2 | Gained mutation: Your magical capacity is low. (-10% MP)
                  | [potion of mutation]
 26213 | Shoals:2 | Gained mutation: You are partially covered in iridescent
                  | scales. (AC +2) [potion of mutation]
 26447 | Vaults:1 | Entered Level 1 of the Vaults
 26486 | Vaults:1 | Received a gift from Trog
 27255 | Vaults:1 | Found Ger Paba's Assorted Antiques.
 27281 | Vaults:1 | Bought a potion of heal wounds for 105 gold pieces
 27580 | Vaults:1 | Identified the +7 sling of the Wolf {elec, rN+ rCorr Int+7
                  | Dex-5}
 27718 | Vaults:2 | Noticed Mennas
 27732 | Vaults:2 | HP: 10/259 [Mennas/+3 eudemon blade of holy wrath (24)]
 27734 | Vaults:2 | Mangled by Mennas

Illustrated notes

Levels and vault maps discovered:
D:1:      wander_arrival_desolate, layout_rooms, kennysheep_doodads,
          st_stairs_14, minmay_shallow_snake_nest
D:2:      layout_loops_ring, uniq_crazy_yiuf_cottage
D:3:      layout_loops_ring, mainiacjoe_overflow_six_doors_small,
          worldfamousw_hep_ancestral_shrine, uniq_terence
D:4:      layout_loops_cross, lemuel_round_altar, zin_academy,
          nicolae_overflow_hidden_temple, minmay_temple_entry_statues_pillars,
          grunt_decor_clamped, grunt_decor_fettered, minmay_misc_feat_pillars,
          uniq_sigmund
D:5:      layout_gridville, nemelex_dance_club_becter, minmay_joined_circles,
          uniq_pikel
D:6:      layout_loops_ring, nicolae_qazlal_general_emergency,
          portal_sewer_entry_a, nrook_uturn, roderic_batcave,
          minmay_misc_feat_roman, uniq_maggie
D:7:      layout_layer_cave, serial_shops, nicolae_shop_statue_plus,
          uniq_duvessa
D:8:      layout_loops_ring, kennysheep_mini_moat, mainiacjoe_overflow_alcove_1,
          xom_redecorated, minmay_lair_entry_grove, kennysheep_generic_room_5
D:9:      layout_basic
D:10:     layout_irregular_city, marbit_many_paths, kiku_gazebo_pond_becter,
          grunt_gozag_breadcrumbs, lightli_temple_of_fire, david_orc_4
D:11:     hangedman_cross_veins, layout_loops_corners
D:12:     layout_basic
D:13:     dreamdust_isle_of_ice, layout_long_grid, erik_vaults_1,
          trove_entry_hex_spiral, lemuel_blue_sif_altar, uniq_snorg,
          uniq_erolcha, uniq_sonja
D:14:     layout_loops_corners, bloody_trog
D:15:     grunt_enter_depths_magical_seal, layout_basic,
          okawaru_ov_weapons_minmay, serial_shops, nicolae_shop_crystal,
          hex_medium
Lair:1:   layout_regular_city, beast_lair_carwin_1, grunt_megastairs_4,
          lemuel_fruit_tree
Lair:2:   layout_regular_city, minmay_shoals_entry_hut,
          minmay_snake_entry_guardpost_small
Lair:3:   layout_cave_pods, serial_bayou_shore_b
Lair:4:   layout_concentric_octagons, slime_entry_1, fungi_pond_lemuel,
          chequers_serial_rivers_micro_b, serial_bayou_shore_b
Lair:5:   wormcave, layout_gridlike, hangedman_lair_tendril_chambers, uniq_urug
Shoals:1: layout_shoals, serial_shops, shop_statue, uniq_mlioglotl
Shoals:2: layout_shoals
Shoals:3: layout_shoals, nicolae_shoals_square_sea_wall,
          nicolae_shoals_beach_cooler
Shoals:4: shoals_end_grunt_ice, layout_shoals, shoal_ilsuiw, serial_shops, shop,
          shop
Snake:1:  layout_gridlike, serial_shops, nicolae_shop_bloodbath_and_beyond
Snake:2:  layout_rooms, serial_bayou_shore_a, minmay_shoptagon
Snake:3:  layout_grid_maze, basic_altar, nicolae_triple_integral
Snake:4:  hellmonk_snake_rune_quicksilver_temple, layout_basic,
          ebering_ghost_rock_garden, serial_bayou_shore_b
Orc:1:    layout_diamond_mine, portal_ice_cave_entry_imps, serial_shops, shop,
          shop, nicolae_shop_trees, nicolae_shop_temple_entry_statues_fountains
Orc:2:    grunt_orc_community_town_hall, layout_caves,
          grunt_orc_community_big_house_1, grunt_orc_community_big_house_1,
          grunt_orc_community_house_2, grunt_orc_community_house_2,
          grunt_orc_community_house_3, grunt_orc_community_house_1,
          grunt_orc_community_house_1, mines1_david, uniq_azrael
Vaults:1: vaults_mumra_lcd, nicolae_vaults_network_star, grunt_vaults_twisty,
          hangedman_vaults_maws, nicolae_vaults_mini_display_case,
          vaults_mumra_chevron, v_misc_25, vaults_dpeg_encased_lava,
          nicolae_vaults_yaktaur_gun_rack, layout_vaults_omnigrid, serial_shops,
          nicolae_shop_stone
Vaults:2: v_misc_33, nicolae_vaults_asterisk, vaults_room_fours, v_misc_10,
          nicolae_vaults_shelves_hall, ontoclasm_vaults_hangar,
          ontoclasm_vaults_loading_screen, ontoclasm_vaults_hangar,
          ontoclasm_vaults_tryst, nicolae_vaults_border_crossing,
          ontoclasm_vaults_pinch, v_alt_pattern_6, grunt_vaults_diagonal,
          dpeg_vaults_monster_box, ontoclasm_vaults_fault,
          layout_vaults_maze_snakey, uniq_mennas

Skill      XL: |  1  2  3  4  5  6  7  8  9 10 11 12 13 14 15 16 17 18 |
---------------+-------------------------------------------------------+-----
Axes           | 4 5 6 7 9 11 12 14 16 17 18 | 18.0
Fighting       | 4 5 6 7 8 9 10 11 13 14 15 16 17 18 | 18.4
Armour         | 3 4 5 6 7 9 10 11 13 14 15 16 17 18 | 18.3
Dodging        | 3 4 5 6 7 8 9 10 12 13 14 15 16 | 16.9
Shields        | 2 5 7 8 10 12 13 15 16 | 16.9
Evocations     | 2 5 7 8 |  8.5

Action                   |  1- 3 |  4- 6 |  7- 9 | 10-12 | 13-15 | 16-18 || total
-------------------------+-------+-------+-------+-------+-------+-------++-------
Melee: Hand axe          |   107 |    76 |   178 |       |       |       ||   361
       Headbutt          |     7 |     8 |    30 |    72 |   253 |   210 ||   580
       Punch             |       |       |     3 |       |       |       ||     3
       War axe           |       |       |    65 |   313 |   157 |       ||   535
       Broad axe         |       |       |       |       |   889 |   919 ||  1808
       Unarmed           |       |       |       |       |     3 |       ||     3
Invok: Berserk           |     1 |     3 |     3 |     7 |    14 |     8 ||    36
       Trog's Hand       |       |     1 |       |     1 |     6 |     6 ||    14
       Brothers in Arms  |       |       |       |       |     5 |     8 ||    13
Evoke: Wand              |       |       |       |       |       |     2 ||     2
       Lightning rod     |       |       |       |       |       |     7 ||     7
       Condenser vane    |       |       |       |       |       |     1 ||     1
  Use: Scroll            |       |       |    15 |     6 |    19 |     6 ||    46
       Potion            |       |       |       |       |     7 |     4 ||    11
 Stab: Petrified         |       |       |       |       |     4 |       ||     4
       Petrifying        |       |       |       |       |     3 |       ||     3
       Distracted        |       |       |       |       |     1 |       ||     1
Armor: Animal skin       |     2 |       |       |       |       |       ||     2
       Plate armour      |    60 |    40 |   149 |   348 |   631 |   409 ||  1637
Dodge: Dodged            |    47 |    31 |    78 |   143 |   397 |   321 ||  1017
Block: Kite shield       |       |       |     8 |   183 |   638 |    74 ||   903
       Tower shield      |       |       |       |       |       |   838 ||   838

Table legend: (Time is in decaauts)
 A = Elapsed time spent in this place.
 B = Non-inter-level travel time spent in this place.
 C = Inter-level travel time spent in this place.
 D = Time resting spent in this place.
 E = Time spent auto-exploring this place.
 F = Levels seen in this place.
 G = Mean time per level.
                   A        B        C        D        E       F      G
               +--------+--------+--------+--------+--------+-----+--------+
         Total |  28099 |  26188 |   1911 |      0 |  19714 |  35 |  802.8 |
       Dungeon |  12730 |  11805 |    925 |      0 |   9233 |  15 |  848.7 |
          Lair |   4918 |   4510 |    408 |      0 |   3624 |   5 |  983.6 |
        Shoals |   3804 |   3561 |    243 |      0 |   2451 |   4 |  951.0 |
     Snake Pit |   3342 |   3172 |    170 |      0 |   2399 |   4 |  835.5 |
  Orcish Mines |   1422 |   1283 |    139 |      0 |    906 |   2 |  711.0 |
        Vaults |   1273 |   1248 |     25 |      0 |    960 |   2 |  636.5 |
         Abyss |    357 |    357 |      0 |      0 |      3 |   2 |  178.5 |
         Sewer |    249 |    249 |      0 |      0 |    135 |   1 |  249.0 |
               +--------+--------+--------+--------+--------+-----+--------+

Top non-repeatable levels by time:
Vaults:1: 1261 daAuts
    D:13: 1243 daAuts
  Lair:5: 1226 daAuts
 Snake:4: 1166 daAuts
    D:11: 1132 daAuts
  Lair:2: 1127 daAuts
Shoals:3: 1062 daAuts
    D:10: 1015 daAuts
  Lair:1: 967 daAuts
   Orc:2: 966 daAuts
Shoals:4: 958 daAuts
     D:8: 930 daAuts
Shoals:1: 914 daAuts
    D:12: 912 daAuts
    D:14: 879 daAuts
